 Dungeon Crawl Stone Soup version 0.31-a0-986-g5e6e4ef867 (webtiles) character file.

Game seed: 13291724238786181898

67 Danienth the Shooter (level 4, 0/26 HPs)
             Began as a Kobold Hexslinger on Nov 12, 2023.
             Killed from afar by Sigmund (9 damage)
             ... with a puff of flame
             ... on level 2 of the Dungeon.
             The game lasted 00:05:31 (2126 turns).

Danienth the Shooter (Kobold Hexslinger)            Turns: 2126, Time: 00:05:31

Health: 0/26       AC:  2    Str:  7    XL:     4   Next: 40%
Magic:  5/5        EV: 15    Int: 14    God:
Gold:   68         SH:  0    Dex: 17    Spells: 5/5 levels left

rFire   . . .        n - +1 falchion (drain)
rCold   . . .        (no shield)
rNeg    . . .        c - +0 robe
rPois   .            (no helmet)
rElec   .            (no cloak)
rCorr   .            (no gloves)
SInv    .            (no boots)
Will    .....        (no amulet)
Stlth   +++          (no ring)
HPRegen 0.24/turn    (no ring)
MPRegen 0.09/turn

%: no passive effects
@: no status effects
A: small, no large weapons, nightstalker 3
a: no special abilities


You were on level 2 of the Dungeon.
You visited 1 branch of the dungeon, and saw 2 of its levels.

You collected 68 gold pieces.

Inventory:

Hand Weapons
 a - a +1 sling
 h - a +2 dagger of holy wrath
 n - a +1 falchion of draining (weapon)
Missiles
 d - 5 poisoned darts
Armour
 c - a +0 robe (worn)
Jewellery
 o - a ring of ice
Scrolls
 e - a scroll of immolation
 f - a scroll of silence
 j - 3 scrolls of amnesia
Potions
 g - a potion of magic
 i - a potion of mutation {unknown}
 k - a potion of lignification {unknown}
 l - a potion of resistance {unknown}
 m - 2 potions of curing {unknown}


   Skills:
 + Level 2.1 Fighting
 * Level 2.1 Short Blades
 * Level 4.4 Ranged Weapons
 - Level 2.4 Dodging
 + Level 1.3 Stealth
 - Level 1.1 Spellcasting
 - Level 3.0 Hexes
 - Level 1.0 Fire Magic


You had 5 spell levels left.
You didn't know any spells.
Your spell library contained the following spells:

 Spells                   Type           Power      Damage    Failure   Level
 Jinxbite                 Hex            18%        N/A       12%         2
 Sigil of Binding         Hex            9%         N/A       22%         3
 Necrotise                Necr           0%         1d4       26%         1
 Inner Flame              Hex/Fire       6%         N/A       34%         3
 Cause Fear               Hex            4%         N/A       58%         4
 Vampiric Draining        Necr           0%         2d6       61%         3
 Dimensional Bullseye     Hex/Tloc       2%         N/A       80%         4
 Agony                    Necr           0%         N/A       100%        5


Dungeon Overview and Level Annotations

Branches:
Dungeon (2/15)

Altars:
Elyvilon

Shops:
D:1 ?   D:2 (

Annotations:
D:2 Sigmund


Innate Abilities, Weirdness & Mutations

You are small and have problems with some larger weapons.
You are completely attuned to the shadows.


Message History

You kill the worm!
No target in view!
Sigmund the Dreaded comes into view.
He is wielding a +0 scythe.
Sigmund gestures at you while chanting. The puff of flame hits you!
Sigmund hits you with a +0 scythe.
You are too injured to fight recklessly!
Hit: h) +2 dagger (holy)
Press: ? - help, Dir - move target, f - Sigmund
Aim: Sigmund, wielding a +0 scythe and wearing a +0 robe (about 35% to evade your +2 dagger of holy wrath)
You hit Sigmund.
Sigmund is lightly wounded.
Sigmund hits you with a +0 scythe.
Your +2 dagger of holy wrath stops glowing.
You sense an unholy aura.
n - a +1 falchion of draining (weapon)
Hit: n) +1 falchion (drain)
Press: ? - help, Dir - move target, f/p - Sigmund
Aim: Sigmund, wielding a +0 scythe and wearing a +0 robe (lightly wounded, about 42% to evade your +1 falchion of draining)
You hit Sigmund.
Sigmund is moderately wounded.
Sigmund hits you with a +0 scythe.
* * * LOW HITPOINT WARNING * * *
Hit: n) +1 falchion (drain)
Press: ? - help, Dir - move target, f/p - Sigmund
Aim: Sigmund, wielding a +0 scythe and wearing a +0 robe (moderately wounded, about 42% to evade your +1 falchion of draining)
You barely miss Sigmund.
Sigmund is moderately wounded.
Sigmund closely misses you.
It was a potion of magic.
Magic courses through your body.
You don't know any spells.
Okay, then.
Sigmund misses you. Sigmund attacks as he pursues you! Sigmund misses you.
The air fills with toxic fumes!
As you read the scroll of poison, it crumbles to dust.
Sigmund casts a spell at you. The puff of flame hits you!
You die...
Sigmund begins carving another notch in his scythe.

#.###.### .........#
..###.##.# #.# #.# #
#.# #.# ######### #.#
.# ....@.@§# #.#
#######§# #.# #§# #.#
#@# #.# ####### #§#
#.# #.....# #§####
#.#. #.###.# #§§..#
#)#.###.###.#######.#
..#..........>......#
###
#.#.###.######..######
#.###..#
#..............#
#.#.###
###.........<#.#


You could see Sigmund.

Vanquished Creatures
  An adder (D:2)
  A worm (D:2)
  4 ball pythons
  8 endoplasms
  2 giant cockroaches (D:2)
  7 goblins
  5 hobgoblins
  2 jackals (D:2)
  3 quokkas (D:1)
  5 bats
  3 frilled lizards
  3 kobolds
  6 rats
50 creatures vanquished.

Notes
Turn   | Place    | Note
-------+----------+-------------------------------------------
     0 | D:1      | Danienth the Kobold Hexslinger began the quest for the Orb.
     0 | D:1      | Reached XP level 1. HP: 12/12 MP: 2/2
   134 | D:1      | Reached skill level 3 in Ranged Weapons
   165 | D:1      | Reached XP level 2. HP: 16/16 MP: 3/3
   481 | D:1      | Reached XP level 3. HP: 5/21 MP: 4/4
   740 | D:1      | Reached skill level 1 in Short Blades
   842 | D:1      | Reached skill level 4 in Ranged Weapons
   966 | D:1      | Found Rotiyrch's Magic Scroll Boutique.
  1326 | D:2      | Reached XP level 4. HP: 9/26 MP: 5/5
  1772 | D:2      | Reached skill level 1 in Stealth
  1975 | D:2      | Found Menets's Antique Weapon Shoppe.
  1979 | D:2      | Found a white marble altar of Elyvilon.
  2113 | D:2      | Noticed Sigmund
  2126 | D:2      | Killed from afar by Sigmund

Illustrated notes

Levels and vault maps discovered:
D:1:      dpeg_arrival_simpleton_c, layout_loops_ring, serial_shops,
          nicolae_shop_rolled_up, nicolae_hexahallways, st_stairs_11
D:2:      layout_loops_ring, serial_shops, nicolae_shop_statue_plus,
          basic_altar, uniq_sigmund

Skill      XL: |  1  2  3  4 |
---------------+-------------+-----
Ranged Weapons | 3 4 |  4.4
Short Blades   | 1 2 |  2.1
Fighting       | 2 |  2.1
Stealth        | 1 |  1.3
Dodging        | |  2.4
Spellcasting   | |  1.1
Hexes          | |  3.0
Fire Magic     | |  1.0

Action                     |  1- 3 |  4- 6 || total
---------------------------+-------+-------++-------
  Melee: Dagger            |    51 |    32 ||    83
         Punch             |     1 |       ||     1
         Falchion          |       |     2 ||     2
   Fire: Sling             |    38 |       ||    38
    Use: Scroll            |     4 |     1 ||     5
         Potion            |       |     1 ||     1
   Stab: Sleeping          |    10 |     9 ||    19
 Armour: Robe              |    22 |    11 ||    33
  Dodge: Dodged            |    37 |    22 ||    59

Table legend: (Time is in decaauts)
 A = Elapsed time spent in this place.
 B = Non-inter-level travel time spent in this place.
 C = Inter-level travel time spent in this place.
 D = Time resting spent in this place.
 E = Time spent auto-exploring this place.
 F = Levels seen in this place.
 G = Mean time per level.
                   A        B        C        D        E       F      G
               +--------+--------+--------+--------+--------+-----+--------+
         Total |   2127 |   2092 |     35 |    470 |   1333 |   2 | 1063.5 |
       Dungeon |   2127 |   2092 |     35 |    470 |   1333 |   2 | 1063.5 |
               +--------+--------+--------+--------+--------+-----+--------+

Top non-repeatable levels by time:
     D:1: 1164 daAuts
     D:2: 963 daAuts
